Description

PiG TvX 2 base push

Build Order

Get SALT Encoding   

  14  0:17  Supply Depot  
  15  0:40  Barracks  
  16  0:46  Refinery  
  19  1:27  Orbital Command  
  19  1:30  Barracks Reactor  
  19  1:39  Command Center  
  19  1:53  Supply Depot  
  22  2:20  Factory  
  24  2:25  Barracks  
  24  2:26  Refinery  
  29  2:55  Orbital Command  
  30  3:05  Supply Depot, Factory Tech Lab  
  33  3:14  Barracks Tech Lab  
  36  3:30  Supply Depot  
  37  3:38  Combat Shield  
  42  3:57  Supply Depot  
  56  4:33  Starport  
  57  4:39  Engineering Bay  
  57  4:40  Barracks  
  65  4:53  Refinery  
  66  5:00  Stimpack  
  70  5:08  Terran Infantry Weapons Level 1  
  70  5:15  Starport Reactor  
  75  5:32  Barracks Reactor  
  78  5:53  Barracks x2  
  81  5:57  Refinery  
Spawning Tool Build Advisor. Get it on Overwolf

Go to:

Details

  • Created by: Esamurai
  • Published on: Oct 30, 2026
  • Modified on: Oct 30, 2026
  • Patch: 5.0.16
  • Difficulty: Medium
Show
View Real Time Build Order
Export as new Build Order

Comments (0)

There are no comments. Be the first!

Create an account to comment!